 Dungeon Crawl Stone Soup version 0.14.1-2-gf595e19 (webtiles) character file.

319 Heema the Cudgeler (level 5, 0/45 HPs)
             Began as a Minotaur Berserker on May 15, 2014.
             Was a Priest of Trog.
             Killed by nerve-wracking pain
             ... invoked by Grinder
              (5 damage)
             ... on Level 3 of the Dungeon.
             The game lasted 00:06:52 (2256 turns).

Heema the Cudgeler (Minotaur Berserker)             Turns: 2256, Time: 00:06:53

HP   0/45        AC  6     Str 22      XL: 5   Next: 21%
MP   2/2         EV 10     Int  4      God: Trog [***...]
Gold 154         SH  0     Dex 10      Spells:  0 memorised,  4 levels left

rFire  . . .     SeeInvis .     a - +0 mace
rCold  . . .     Clarity  .     g - +1 ring mail
rNeg   . . .     Conserve .     (no shield)
rPois  .         rCorr    .     (helmet restricted)
rElec  .         rRot     .     (no cloak)
SustAb . .       Spirit   .     (no gloves)
rMut   .         Warding  .     (no boots)
Saprov . . .     Stasis   .     (no amulet)
MR     .....                    (no ring)
                                (no ring)

@: exhausted, slowed, very slow, not resistant to hostile enchantments,
extremely unstealthy
A: retaliatory headbutt, horns 2
a: Burn Spellbooks, Berserk, Trog's Hand, Renounce Religion


You were on level 3 of the Dungeon.
You worshipped Trog.
Trog was most pleased with you.
You were near starving.

You visited 1 branch of the dungeon, and saw 3 of its levels.

You collected 154 gold pieces.

Inventory:

Hand weapons
 a - a +0,+0 mace (weapon)
Armour
 b - a +0 animal skin
 g - a +1 ring mail (worn)
Comestibles
 c - 2 bread rations
 h - 2 meat rations
Scrolls
 d - a scroll of fear {unknown}
 e - a scroll of recharging {unknown}
 f - 2 scrolls of enchant weapon II {unknown}
 i - 3 scrolls of identify {unknown}
 k - 2 scrolls of fog {unknown}
 n - 2 scrolls of remove curse {unknown}
 o - a scroll of blinking {unknown}
 q - a scroll of magic mapping {unknown}
 r - a scroll of noise {unknown}
 s - a scroll of random uselessness {unknown}
Jewellery
 j - a +2 ring of strength {unknown}
 p - an uncursed ring of invisibility {unknown}
Potions
 l - 3 potions of curing {unknown}
 m - a potion of agility {unknown}


   Skills:
 - Level 3.6 Fighting
 + Level 7.2 Maces & Flails
 - Level 2.4 Armour
 - Level 2.1 Dodging


You had 4 spell levels left.
You didn't know any spells.

Dungeon Overview and Level Annotations

Branches:
Dungeon (3/15)

Altars:
Makhleb

Annotations:
D:3 Grinder


Innate Abilities, Weirdness & Mutations

You reflexively headbutt those who attack you in melee.
You have a pair of horns on your head.


Message History

* * * LOW HITPOINT WARNING * * *
You hit Grinder. You headbutt Grinder, but do no damage.
Grinder is severely wounded.
Grinder gestures at you. You resist with almost no effort.
You hit Grinder.
Grinder is severely wounded.
Grinder hits you.
* * * LOW HITPOINT WARNING * * *
Grinder gestures at you. You resist with almost no effort.
You completely miss Grinder. You headbutt Grinder.
Grinder is severely wounded.
Your skin stops crawling.
You feel less resistant to hostile enchantments.
Grinder zaps a wand.
The magic dart hits you!
* * * LOW HITPOINT WARNING * * *
Grinder gestures at you. Pain shoots through your body!
You die...

################
#..>...........#####
#.##.##.######.....#
#.##.##.# #####.#
#....##.# #.#
#...###.# #.##
#.......# #..#
#.......# ##.#
######@## ####.###
#5# #....... #.#
...#....... #%#
............ #)#
....#<...... #.# ...
#....... #...[...# #
#....... #.##....#
##...... #....#
####..#


You could see Grinder.

Vanquished Creatures
  A scorpion (D:3)
  4 adders
  A giant mite (D:2)
  3 giant geckos
  3 orcs (D:3)
  5 bats
  4 giant cockroaches
  6 goblins
  9 hobgoblins
  6 jackals (D:1)
  9 kobolds
  2 quokkas (D:2)
  4 giant newts
  7 rats
64 creatures vanquished.

Notes
Turn   | Place    | Note
--------------------------------------------------------------
     0 | D:1      | Heema, the Minotaur Berserker, began the quest for the Orb.
     0 | D:1      | Reached XP level 1. HP: 19/19 MP: 1/1
    27 | D:1      | Reached skill level 4 in Maces & Flails
   236 | D:1      | Reached XP level 2. HP: 20/26 MP: 1/1
   620 | D:1      | Reached skill level 5 in Maces & Flails
   622 | D:1      | Acquired Trog's second power
   746 | D:1      | Reached XP level 3. HP: 26/31 MP: 2/2
  1460 | D:2      | Found a burning altar of Makhleb.
  1689 | D:2      | Reached skill level 6 in Maces & Flails
  1689 | D:2      | Reached XP level 4. HP: 26/39 MP: 2/2
  2190 | D:3      | Reached skill level 7 in Maces & Flails
  2190 | D:3      | Reached XP level 5. HP: 41/45 MP: 2/2
  2223 | D:3      | Noticed Grinder
  2256 | D:3      | Killed from afar by Grinder

Action                   |  1- 3 |  4- 6 || total
-------------------------+-------+-------++-------
Melee: Mace              |   112 |    46 ||   158
Invok: Berserk           |       |     1 ||     1
       Trog's Hand       |       |     1 ||     1
